cohdb
Replays
Latest Replays
All Replays
Popular Replays
Top Player Replays
Match Explorer
How It Works
Community
CoH3 Stats
Reddit
Sign in to upload your games and track your stats! →
Sign in with Steam
Match 41267756
Unlisted
Match 41267756
Overview
Messages
Build Orders
End
Construct Section Command Post
Selects Canadian Shock Battlegroup
Royal Engineer Section
Infantry Section
Grenade Package
Infantry Section
Vickers Machine Gun Team
Selects Attacking Spirit
Selects Canadian Shock Section
Canadian Shock Section
Construct Platoon Command Post
Construct Field Infirmary
ML 3-inch Mortar Team
6-pounder Anti-tank Gun Team
Unlock Bishop Self-propelled Artillery
Selects Smoke Operation
Selects Burnout
Canadian Shock Section
Bishop Self-propelled Artillery
Burnout
Selects Pyrotechnics
Infantry Section
Infantry Section
Construct Company Command Post
matjouz
Sarmynation
DaMayzr
Bc124
0
0
Comments
sign in to comment!
No comments posted yet!